 Dungeon Sprint DCSS version 0.20-a0-970-gcd8f41e (webtiles) character file.

432 Conn321 the Arsonist (level 7, -1/41 HPs)
             Began as an Octopode Fire Elementalist on Apr 8, 2017.
             Slain by a tyrant leech (34 damage)
             ... in the Dungeon (Sprint II: "The Violet Keep of Menkaure").
             The game lasted 00:01:43 (404 turns).

Conn321 the Arsonist (Octopode Fire Elementalist)    Turns: 404, Time: 00:01:50

Health: -1/41      AC:  1    Str:  7    XL:     7   Next: 0%
Magic:  5/17       EV: 16    Int: 19    God:
Gold:   486        SH:  0    Dex: 13    Spells: 6/19 levels left

rFire    . . .     SeeInvis .     - Unarmed
rCold    . . .     Gourm    .   (no shield)
rNeg     . . .     Faith    .   (helmet restricted)
rPois    .         Spirit   .   (no amulet)
rElec    .         Reflect  .   (no ring)
rCorr    .         Harm     .   (no ring)
MR       .....     NoTele   +   (no ring)
Stlth    ++++......             (no ring)
Regen    0.2/turn               (no ring)
MPRegen  0.2/turn               (no ring)
                                (no ring)
                                (no ring)

@: very slightly contaminated
A: almost no armour, stealthy swim, amphibious, 8 rings, constrict 8, camouflage
1, gelatinous body 1
a: no special abilities


You were in the Dungeon.
You were not hungry.

You visited 1 branch You collected 486 gold pieces.

Inventory:

Scrolls
 h - a scroll of blinking
Potions
 d - a potion of heal wounds
 f - 2 potions of magic
Books
 a - a book of Flames

   Spells                             Type                      Level
   a - Flame Tongue                   Conjuration/Fire             1
   b - Throw Flame                    Conjuration/Fire             2
   c - Conjure Flame                  Conjuration/Fire             3
   d - Inner Flame                    Hexes/Fire                   3
   e - Sticky Flame                   Conjuration/Fire             4
   f - Fireball                       Conjuration/Fire             5
Comestibles
 b - a bread ration
 c - 2 chunks of flesh


   Skills:
 + Level 5.6 Dodging
 + Level 6.5 Stealth
 + Level 3.0 Unarmed Combat
 * Level 6.8 Spellcasting
 * Level 1.7 Conjurations
 + Level 10.3 Fire Magic


You had 6 spell levels left.
You knew the following spells:

 Your Spells              Type           Power        Failure   Level  Hunger
a - Flame Tongue          Conj/Fire      ####.        1%          1    None
b - Conjure Flame         Conj/Fire      ####....     2%          3    #......
c - Sticky Flame          Conj/Fire      ####....     12%         4    ###....
d - Fireball              Conj/Fire      ####......   28%         5    #####..


Dungeon Overview and Level Annotations

Branches:
Dungeon (1/1)

Altars:


Innate Abilities, Weirdness & Mutations

You cannot wear most types of armour.
You are very stealthy in the water. (Stealth+)
You are amphibious.
You can wear up to eight rings at the same time.
You can use your tentacles to constrict eight enemies at once.
Your skin changes colour to match your surroundings (Stealth+).
Your rubbery body absorbs attacks. (AC +1, EV +1)


Message History

Aim: a tyrant leech (flame)
You miscast Sticky Flame.
You are very lightly contaminated with residual magic.
Lukewarm flames ripple over your body.
The tyrant leech is engulfed in blazing flames.
The tyrant leech bites you!
The tyrant leech draws strength from your injuries!
Casting: Sticky Flame
Confirm with . or Enter, or press ? or * to list all spells.
Aiming: Sticky Flame
Press: ? - help, Shift-Dir - straight line, f/p - tyrant leech
Aim: a tyrant leech (flame, lightly wounded)
The sticky flame hits the tyrant leech.
The tyrant leech is moderately wounded.
The tyrant leech is covered in liquid flames!
The tyrant leech burns!
The tyrant leech is engulfed in blazing flames.
The tyrant leech bites you!!
Ouch! That really hurt!
You die...

### #
##.###+# .##
#...##÷##w..#
+##.'.<@w#
#...##÷##$..#
##.###'# .##
#####.### #
#..#..#
##.#.## ##+##


You could see 2 tyrant leeches.

Vanquished Creatures
  4 necrophages (D)
  4 worker ants (D)
8 creatures vanquished.

Vanquished Creatures (others)
  A crocodile (D)
1 creature vanquished.

Grand Total: 9 creatures vanquished

Notes
Turn   | Place    | Note
-------+----------+-------------------------------------------
     0 | D        | Conn321 the Octopode Fire Elementalist began the quest for the Orb.
     0 | D        | Reached XP level 1. HP: 11/11 MP: 3/3
     1 | D        | Noticed a necrophage
     1 | D        | Noticed a necrophage
     1 | D        | Noticed a necrophage
     1 | D        | Noticed a necrophage
     8 | D        | Killed a necrophage
     8 | D        | Reached skill level 1 in Unarmed Combat
     8 | D        | Reached skill level 6 in Fire Magic
     8 | D        | Reached XP level 2. HP: 17/17 MP: 3/6
     8 | D        | Reached XP level 3. HP: 21/21 MP: 4/8
     8 | D        | Reached XP level 4. HP: 27/27 MP: 4/9
    12 | D        | Killed a necrophage
    12 | D        | Reached skill level 5 in Spellcasting
    12 | D        | Reached skill level 8 in Fire Magic
    12 | D        | Reached XP level 5. HP: 31/31 MP: 4/12
    14 | D        | Killed a necrophage
    14 | D        | Reached skill level 5 in Stealth
    14 | D        | Reached skill level 9 in Fire Magic
    14 | D        | Reached XP level 6. HP: 36/36 MP: 4/14
    17 | D        | Killed a necrophage
    17 | D        | Reached skill level 5 in Dodging
    94 | D        | Reached skill level 10 in Fire Magic
   275 | D        | Learned a level 3 spell: Conjure Flame
   280 | D        | Learned a level 4 spell: Sticky Flame
   286 | D        | Learned a level 5 spell: Fireball
   297 | D        | Reached XP level 7. HP: 34/41 MP: 6/17
   400 | D        | Noticed a tyrant leech
   400 | D        | Noticed a tyrant leech
   404 | D        | Slain by a tyrant leech

Vault maps used:
D:        the_violet_keep_of_menkaure

Skill      XL: |  1  2  3  4  5  6 |
---------------+-------------------+-----
Dodging        | 3 4 5 |  5.6
Stealth        | 4 5 6 |  6.5
Unarmed Combat | 1 2 3 |  3.0
Spellcasting   | 3 5 6 |  6.8
Fire Magic     | 6 8 9 10 | 10.3
Conjurations   | |  1.7

Action                   |  1- 3 |  4- 6 |  7- 9 || total
-------------------------+-------+-------+-------++-------
Melee: Unarmed           |     4 |    14 |       ||    18
       Constrict         |     1 |     5 |       ||     6
       Tentacles         |     1 |     3 |       ||     4
 Cast: Flame Tongue      |       |     7 |     2 ||     9
       Sticky Flame      |       |     2 |     1 ||     3
       Conjure Flame     |       |       |     1 ||     1
  Use: Potion            |     2 |     1 |       ||     3
Dodge: Dodged            |       |    12 |       ||    12
